 Dungeon Crawl Stone Soup version 0.30.1-3-gfc49f6343a (webtiles) character file.

Game seed: 834390179955053757

107 Arctor the Insei (level 4, -5/29 HPs)
             Began as an Octopode Transmuter on July 25, 2023.
             Killed from afar by an orc wizard (8 damage)
             ... with a magic dart
             ... on level 4 of the Dungeon on July 26, 2023.
             The game lasted 00:07:49 (2094 turns).

Arctor the Insei (Octopode Transmuter)              Turns: 2094, Time: 00:07:49

Health: -5/29      AC:  1    Str:  9    XL:     4   Next: 86%
Magic:  7/7        EV: 28    Int: 17    God:
Gold:   159        SH:  0    Dex: 12    Spells: 0/8 levels left

rFire   . . .        e - +2 sling (freeze)
rCold   . . .        (no shield)
rNeg    . . .        (helmet restricted)
rPois   .            g - amulet of the acrobat
rElec   .            (no ring)
rCorr   .            (no ring)
SInv    .            (no ring)
Will    .....        (no ring)
Stlth   ++           (no ring)
HPRegen 0.24/turn    (no ring)
MPRegen 0.10/turn    (no ring)
                     (no ring)

%: acrobat
@: acrobatic
A: almost no armour, amphibious, 8 rings, camouflage 1, gelatinous body 1,
(nimble swimmer 1), tentacles
a: no special abilities


You were on level 4 of the Dungeon.
You visited 1 branch of the dungeon, and saw 4 of its levels.

You collected 159 gold pieces.

Inventory:

Hand Weapons
 e - a +2 sling of freezing (weapon)
Jewellery
 g - an amulet of the acrobat (around mantle)
Wands
 p - a wand of mindburst (14)
Scrolls
 b - a scroll of silence {unknown}
 c - 3 scrolls of fear {unknown}
 d - a scroll of poison
 i - 2 scrolls of identify
 l - a scroll of enchant armour
 m - a scroll of torment {unknown}
Potions
 a - a potion of lignification
 f - 3 potions of curing {unknown}
 h - a potion of cancellation {unknown}
 j - a potion of berserk rage {unknown}
 k - 2 potions of flight {unknown}
 n - 2 potions of degeneration {unknown}


   Skills:
 + Level 2.0 Fighting
 + Level 1.1 Ranged Weapons
 + Level 2.7 Dodging
 + Level 3.4 Unarmed Combat
 + Level 2.5 Spellcasting
 + Level 2.6 Transmutations
 + Level 0.0 Ice Magic


You couldn't memorise any spells.
You knew the following spells:

 Your Spells              Type           Power      Damage    Failure   Level
a - Beastly Appendage     Tmut           22%        N/A       6%          1
b - Spider Form           Tmut/Pois      6%         N/A       32%         3
c - Ice Form              Ice/Tmut       6%         N/A       71%         4

Your spell library contained the following spells:

 Spells                   Type           Power      Damage    Failure   Level
 Wereblood                Tmut           11%        N/A       10%         2
 Dazzling Flash           Conj/Hex       4%         N/A       50%         3
 Vhi's Electric Charge    Tloc/Air       4%         N/A       50%         3
 Volatile Blastmotes      Fire/Tloc      4%         2d10      50%         3
 Blade Hands              Tmut           5%         N/A       86%         5
 Iskenderun's Mystic Bla  Conj/Tloc      2%         2d3       88%         4
 Arcjolt                  Conj/Air       1%         1d11      99%         5
 Iron Shot                Conj/Erth      1%         9d1       100%        6
 Plasma Beam              Fire/Air       1%         2x1d12    100%        6
 Starburst                Conj/Fire      1%         6d3       100%        6
 Animate Armour           Summ/Erth      Unusable   N/A       N/A         4

Dungeon Overview and Level Annotations

Branches:
Dungeon (4/15)
 Temple: D:4-7

Altars:


Innate Abilities, Weirdness & Mutations

You cannot wear most types of armour.
You are amphibious.
You can wear up to eight rings at the same time.
Your skin changes colour to match your surroundings (Stealth+).
Your rubbery body absorbs attacks. (AC +1, EV +1)
((You are camouflaged when in or above water. (Stealth+)))
You have tentacles for arms and can constrict up to eight enemies at once.


Message History

The orc is severely wounded.
Something hits you but does no damage. The orc hits you but does no damage.
You shoot a sling bullet. The sling bullet hits the orc.
The sling bullet freezes the orc.
You kill the orc!
You hear some strange, mumbled words.
A puff of flame appears from out of thin air!
The puff of flame hits you but does no damage.
Something hits you but does no damage.
You are too injured to fight recklessly!
You are too injured to fight recklessly!
You cannot move.
You cannot move.
Something hits you but does no damage.
You hear some strange, mumbled words.
A puff of flame appears from out of thin air!
The puff of flame hits you but does no damage.
Something hits you but does no damage. Something hits you but does no damage.
Your transformation is almost over.
Something hits you but does no damage. Something hits you but does no damage.
Something hits you but does no damage. Something hits you but does no damage.
Something hits you but does no damage. Something hits you.
Something hits you but does no damage.
You hear some strange, mumbled words.
Something tries to affect you, but you resist.
You hear some strange, mumbled words.
A puff of flame appears from out of thin air!
The puff of flame hits you!
* * * LOW HITPOINT WARNING * * *
Something hits you but does no damage.
You feel less wooden. Something barely misses you.
You hear some strange, mumbled words.
A magic dart appears from out of thin air!
The magic dart hits you!
You die...

###### #####.@{.# ##
... #...+..).#...#
....+ #...#...)..♣
...##+##........#.[..#
#.....####.##### ...#
#..........# ...
#..........# ..
##+##..........# .
#..............#


There were no monsters in sight!

Vanquished Creatures
  Terence (D:2)
  2 adders (D:2)
  A worm (D:2)
  A dart slug (D:2)
  4 orcs
  7 endoplasms
  2 giant cockroaches (D:1)
  2 goblins
  6 hobgoblins
  3 jackals (D:3)
  4 quokkas
  5 bats (D:1)
  4 frilled lizards
  5 kobolds
  6 rats
53 creatures vanquished.

Notes
Turn   | Place    | Note
-------+----------+-------------------------------------------
     0 | D:1      | Arctor the Octopode Transmuter began the quest for the Orb.
     0 | D:1      | Reached XP level 1. HP: 13/13 MP: 3/3
     8 | D:1      | Noticed a demonspawn
    13 | D:1      | Noticed a felid
    17 | D:1      | Noticed a formicid
    17 | D:1      | Noticed a merfolk zombie
   344 | D:1      | Reached XP level 2. HP: 18/18 MP: 3/5
   794 | D:1      | Reached XP level 3. HP: 23/23 MP: 6/6
   908 | D:2      | Found a faded altar of an unknown god.
  1120 | D:2      | Learned a level 3 spell: Spider Form
  1234 | D:2      | Noticed Terence
  1245 | D:2      | Killed Terence
  1246 | D:2      | Reached XP level 4. HP: 19/29 MP: 3/7
  1662 | D:3      | Reached skill level 1 in Ranged Weapons
  2016 | D:3      | Learned a level 4 spell: Ice Form
  2094 | D:4      | Killed from afar by an orc wizard

Illustrated notes

Levels and vault maps discovered:
D:1:      shiori_arrival_whats_in_store_for_you, layout_loops_corners
D:2:      layout_basic, nicolae_ecumenical_oubliette, uniq_terence
D:3:      layout_basic
D:4:      layout_gridville, minmay_temple_entry_proselytizer,
          grunt_ministairs_13

Skill      XL: |  1  2  3  4 |
---------------+-------------+-----
Fighting       | 2 |  2.0
Ranged Weapons | 1 |  1.1
Dodging        | |  2.7
Unarmed Combat | |  3.4
Spellcasting   | |  2.5
Transmutations | |  2.6

Action                     |  1- 3 |  4- 6 || total
---------------------------+-------+-------++-------
  Melee: Unarmed           |    23 |     9 ||    32
         Constrict         |     5 |       ||     5
         Tentacles         |     4 |       ||     4
         Kick              |     1 |       ||     1
         Sling             |       |     1 ||     1
   Fire: Sling             |    63 |    40 ||   103
   Cast: Beastly Appendage |     6 |       ||     6
         Spider Form       |     1 |     1 ||     2
    Use: Potion            |     1 |     1 ||     2
         Scroll            |       |     5 ||     5
   Stab: Sleeping          |     1 |       ||     1
 Armour: Skin              |     6 |    38 ||    44
  Dodge: Dodged            |    43 |     7 ||    50
